 Dungeon Crawl Stone Soup version 0.28-a0-385-g79de503ca0 (webtiles) character file.

Game seed: 4710235668105501600

63 McIrco the Covered (level 3, -4/34 HPs)
             Began as a Minotaur Fighter on Sept 3, 2021.
             Slain by a gnoll (8 damage)
             ... on level 3 of the Dungeon.
             The game lasted 00:01:56 (1470 turns).

McIrco the Covered (Minotaur Fighter)               Turns: 1470, Time: 00:01:57

Health: -4/34      AC:  8    Str: 21    XL:     3   Next: 89%
Magic:  2/2        EV:  9    Int:  5    God:
Gold:   41         SH:  4    Dex:  9    Spells: 2/2 levels left

rFire   . . .      SeeInvis .   a - +0 war axe
rCold   . . .      Faith    .   c - +0 buckler
rNeg    . . .      Spirit   .   b - +0 scale mail
rPois   .          Reflect  .   (helmet restricted)
rElec   .          Harm     .   (no cloak)
rCorr   .          Rampage  .   o - +0 pair of gloves
Will    .....                   (no boots)
Stlth   ..........              (no amulet)
HPRegen 0.11/turn               (no ring)
MPRegen 0.08/turn               (no ring)

@: mighty
A: horns 2, retaliatory headbutt
a: no special abilities


You were on level 3 of the Dungeon.
You visited 1 branch of the dungeon, and saw 3 of its levels.

You collected 41 gold pieces.

Inventory:

Hand Weapons
 a - a +0 war axe (weapon)
Missiles
 j - 8 boomerangs (quivered)
Armour
 b - a +0 scale mail (worn)
 c - a +0 buckler (worn)
 o - a +0 pair of gloves (worn)
Jewellery
 e - a +6 ring of intelligence
 m - a ring of magical power
 q - a ring of ice
Scrolls
 f - a scroll of amnesia {unknown}
 g - a scroll of brand weapon {unknown}
 h - 2 scrolls of identify {unknown}
 k - a scroll of immolation {unknown}
 l - 2 scrolls of noise {unknown}
Potions
 d - a potion of might
 i - 2 potions of curing {unknown}
 n - a potion of degeneration {unknown}
 p - a potion of brilliance {unknown}


   Skills:
 + Level 4.4 Fighting
 - Level 2.5 Axes
 + Level 4.5 Armour
 + Level 4.4 Shields


You had 2 spell levels left.
You didn't know any spells.
Your spell library contained the following spells:

 Spells                   Type           Power      Damage    Failure   Level
 Static Discharge         Conj/Air       0%         N/A       91%         2
 Gell's Gravitas          Tloc           0%         N/A       99%         3
 Lesser Beckoning         Tloc           0%         N/A       99%         3
 Teleport Other           Tloc           0%         N/A       99%         3
 Lightning Bolt           Conj/Air       0%         1d11      100%        5
 Maxwell's Capacitive Co  Air            0%         ∞         100%        8


Dungeon Overview and Level Annotations

Branches:
Dungeon (3/15)

Altars:

Portals:
Abyss: D:1***


Innate Abilities, Weirdness & Mutations

You have a pair of horns on your head.
You reflexively headbutt those who attack you in melee.


Message History

There are monsters nearby!
There are monsters nearby!
The gnoll shouts!
A gnoll comes into view. It is wielding a +0 halberd.
The gnoll shouts!
You hear a shout!
You hit the gnoll.
The gnoll is heavily wounded.
The gnoll closely misses you. You furiously retaliate!
You headbutt the gnoll, but do no damage.
The gnoll hits you with a +0 club.
You closely miss the gnoll. You headbutt the gnoll.
You kill the gnoll!
You closely miss the gnoll. The gnoll hits you with a +0 club.
The gnoll hits you from afar with a +0 halberd!
The gnoll hits you but does no damage.
You barely miss the gnoll. The gnoll hits you but does no damage.
You block the gnoll's attack.
You closely miss the gnoll. You headbutt the gnoll!
The gnoll is heavily wounded.
The gnoll barely misses you. The gnoll hits you but does no damage.
The gnoll barely misses you.
You barely miss the gnoll.
The gnoll is heavily wounded.
The gnoll hits you but does no damage. x2; The gnoll hits you with a +0 club.
You hit the gnoll but do no damage.
The gnoll is heavily wounded.
The gnoll barely misses you. The gnoll hits you with a +0 club.
You closely miss the gnoll. Your headbutt misses the gnoll.
The gnoll is heavily wounded.
You block the gnoll's attack. x2
The gnoll hits you from afar with a +0 halberd!
* * * LOW HITPOINT WARNING * * *
You feel very mighty all of a sudden.
The gnoll hits you but does no damage. x2
You closely miss the gnoll.
The gnoll is heavily wounded.
The gnoll hits you with a +0 club.
* * * LOW HITPOINT WARNING * * *
The gnoll hits you from afar with a +0 halberd!
You die...

#....# #.##.#
######
#..#.####>
##.#......
####...####.##
#.............
#.###..####.#
#.# ##>#
#########.#
###
.....gg@..#
.##########


You could see 2 gnolls.

Vanquished Creatures
  An adder (D:2)
  A gnoll (D:3)
  A worm (D:2)
  A dart slug (D:2)
  2 bats (D:1)
  3 endoplasms
  2 giant cockroaches
  6 goblins
  2 hobgoblins (D:1)
  4 kobolds
  4 quokkas
  2 ball pythons (D:2)
  2 frilled lizards (D:2)
  6 rats
37 creatures vanquished.

Notes
Turn   | Place    | Note
-------+----------+-------------------------------------------
     0 | D:1      | McIrco the Minotaur Fighter began the quest for the Orb.
     0 | D:1      | Reached XP level 1. HP: 19/19 MP: 0/0
   132 | D:1      | Reached XP level 2. HP: 23/27 MP: 1/1
   241 | D:1      | You fall into a shaft and drop 1 floor!
   447 | D:2      | Reached XP level 3. HP: 32/33 MP: 2/2
  1470 | D:3      | Slain by a gnoll

Illustrated notes

Levels and vault maps discovered:
D:1:      minmay_arrival_glassed_features, layout_rooms, minmay_crystal_water,
          minmay_fountain_box
D:2:      layout_basic, chequers_garden
D:3:      layout_basic, nicolae_overflow_crystal_walls,
          nicolae_uskayaw_suspiria, serial_aquarium,
          aquarium_bridge_long_separate [aquarium_subvault_wall,
          aquarium_subvault_bridge, aquarium_subvault_bridge,
          aquarium_subvault_wall, aquarium_subvault_wall,
          aquarium_subvault_bridge], aquarium_bridge_square
          [aquarium_subvault_bridge, aquarium_subvault_window,
          aquarium_subvault_bridge, aquarium_subvault_bridge],
          aquarium_window_fake, aquarium_window_2, aquarium_view_2c,
          aquarium_pool_1, uniq_robin

Skill      XL: |  1  2 |
---------------+-------+-----
Shields        | 4 |  4.4
Armour         | 4 |  4.5
Fighting       | 4 |  4.4
Axes           | |  2.5

Action                   || total
-------------------------++-------
Melee: War axe           ||    90
       Headbutt          ||     8
  Use: Potion            ||     1
Armor: Scale mail        ||    48
Dodge: Dodged            ||    41
Block: Buckler           ||    16

Table legend: (Time is in decaauts)
 A = Elapsed time spent in this place.
 B = Non-inter-level travel time spent in this place.
 C = Inter-level travel time spent in this place.
 D = Time resting spent in this place.
 E = Time spent auto-exploring this place.
 F = Levels seen in this place.
 G = Mean time per level.
                   A        B        C        D        E       F      G
               +--------+--------+--------+--------+--------+-----+--------+
         Total |   1503 |   1444 |     59 |      0 |   1174 |   3 |  501.0 |
       Dungeon |   1503 |   1444 |     59 |      0 |   1174 |   3 |  501.0 |
               +--------+--------+--------+--------+--------+-----+--------+

Top non-repeatable levels by time:
     D:2: 1091 daAuts
     D:1: 250 daAuts
     D:3: 161 daAuts
